Map: 死亡光环-天梯版

Players

JieShi

  • Race: Protoss Protoss
  • League: Master

iGMacSed (MacSed) - Winner!

  • Race: Protoss Protoss
  • League: Master

Event: DreamHack SC2 Masters 2020 Fall

VOD

Have the link to the VOD?

Description

Time

  • Played on: Sept. 4, 2020, 9:03 a.m.
  • Length: 8:31

All games in this series

Show
View Real Time Build Order
Export as new Build Order

JieShi Protoss 

Build Orders:  

Get SALT Encoding   

  12  0:00  Probe  
  13  0:12  Probe  
  14  0:17  Pylon  
  14  0:24  Probe (Chrono Boost)  
  16  0:36  Probe (Chrono Boost)  
  16  0:38  Gateway  
  16  0:43  Probe (Chrono Boost)  
  16  0:46  Assimilator  
  17  0:51  Probe  
  17  0:54  Assimilator  
  18  1:03  Probe (Chrono Boost)  
  19  1:07  Gateway  
  19  1:12  Probe (Chrono Boost)  
  19  1:17  Probe (Chrono Boost)  
  20  1:25  Cybernetics Core  
  21  1:29  Probe  
  22  1:34  Pylon  
  22  1:41  Probe  
  23  1:53  Probe  
  24  1:58  Warp Gate (Chrono Boost)  
  24  2:01  Stalker x2  
  28  2:10  Pylon  
  28  2:21  Shield Battery  
  28  2:29  Pylon  
  28  2:34  Stalker  
  28  2:35  Stalker  
  32  2:57  Nexus  
  32  3:04  Stalker  
  34  3:07  Stalker  
  34  3:11  Probe  
  37  3:20  Pylon  
  37  3:24  Probe  
  38  3:28  Shield Battery  
  38  3:36  Probe  
  39  3:45  Adept x2  
  44  3:48  Probe  
  44  4:00  Probe  
  45  4:12  Probe  
  45  4:13  Adept x2  
  50  4:19  Robotics Facility  
  50  4:24  Probe  
  48  4:43  Stalker  
  48  4:45  Stalker  
  46  4:46  Probe  
  38  4:58  Probe (Chrono Boost)  
  37  5:07  Observer, Probe (Chrono Boost)  
  37  5:08  Probe (Chrono Boost)  
  39  5:15  Probe (Chrono Boost)  
  39  5:21  Adept x2  
  39  5:27  Probe  
  44  5:37  Warp Prism (Chrono Boost)  
  46  5:43  Probe  
  46  5:47  Probe  
  49  5:57  Probe  
  49  5:59  Probe  
  49  6:00  Sentry  
  49  6:01  Sentry  
  45  6:11  Probe  
  40  6:23  Probe  
  39  6:33  Stalker x2  
  39  6:37  Probe (Chrono Boost)  
  44  6:41  Probe (Chrono Boost)  
  45  6:52  Probe x2 (Chrono Boost)  
  47  7:00  Stalker  
  49  7:02  Sentry  
  51  7:10  Probe x2  
  43  7:24  Sentry, Adept  
  43  7:27  Probe  
  35  7:32  Immortal  
  35  7:33  Stalker  
  35  7:36  Probe  
  33  7:43  Shield Battery  
  29  7:52  Stalker  
  29  7:55  Probe  
  30  8:01  Probe  
  31  8:07  Probe  
  32  8:14  Probe  
Show
View Real Time Build Order
Export as new Build Order

iGMacSed Protoss - Winner!

Build Orders: Oracle Opening 

Get SALT Encoding   

  12  0:00  Probe  
  13  0:12  Probe  
  14  0:17  Pylon  
  14  0:24  Probe (Chrono Boost)  
  16  0:36  Gateway, Probe (Chrono Boost)  
  16  0:43  Probe (Chrono Boost)  
  16  0:45  Assimilator  
  17  0:51  Probe  
  17  0:56  Assimilator  
  18  1:03  Probe (Chrono Boost)  
  19  1:08  Gateway  
  19  1:13  Probe (Chrono Boost)  
  19  1:18  Probe (Chrono Boost)  
  21  1:27  Cybernetics Core  
  21  1:30  Probe  
  22  1:35  Pylon  
  22  1:42  Probe  
  23  1:54  Probe  
  24  2:04  Sentry, Warp Gate, Stalker  
  24  2:06  Probe  
  29  2:13  Pylon  
  29  2:29  Stargate  
  28  2:48  Nexus  
  28  2:53  Stalker  
  30  3:01  Shield Battery  
  30  3:03  Probe  
  31  3:10  Oracle (Chrono Boost)  
  34  3:15  Probe  
  35  3:22  Pylon  
  35  3:29  Probe  
  36  3:37  Oracle (Chrono Boost)  
  39  3:42  Probe  
  40  3:52  Stalker x2  
  40  3:54  Probe  
  45  4:07  Shield Battery  
  43  4:15  Stalker x2  
  47  4:25  Probe  
  48  4:38  Adept x2  
  50  4:56  Probe (Chrono Boost)  
  50  4:57  Probe (Chrono Boost)  
  51  5:08  Twilight Council, Probe (Chrono Boost)  
  51  5:09  Stalker  
  51  5:11  Probe (Chrono Boost)  
  51  5:12  Pylon  
  54  5:23  Gateway  
  54  5:29  Pylon  
  54  5:30  Probe (Chrono Boost)  
  54  5:33  Stalker x2  
  60  5:36  Probe (Chrono Boost)  
  60  5:39  Probe (Chrono Boost)  
  62  5:42  Blink (Chrono Boost)  
  62  5:43  Probe (Chrono Boost)  
  62  5:46  Probe  
  62  5:47  Assimilator  
  63  5:54  Probe  
  63  5:55  Shield Battery  
  64  5:58  Probe  
  63  6:06  Probe  
  63  6:08  Stalker x2  
  69  6:16  Shield Battery  
  69  6:21  Stalker  
  69  6:23  Pylon  
  70  6:34  Pylon  
  70  6:36  Pylon  
  70  6:38  Shield Battery  
  70  6:44  Adept x2  
  74  6:47  Stalker  
  76  6:54  Gateway  
  76  6:55  Gateway  
  76  6:57  Gateway  
  74  7:06  Stalker x2  
  78  7:22  Probe  
  68  7:24  Stalker  
  63  7:45  Nexus  
  63  7:58  Probe  
  62  8:06  Stalker x2  

Tags
 
Add a new tag
Caveats
  • Supply blocks, unpowered buildings, or Contaminate may cause inaccurate times.
  • Supply counts are checked every 10 seconds.